 Dungeon Crawl Stone Soup version 0.29.0-11-gd7f09526c8 (webtiles) character file.

Game seed: 7122272957988814681

3604 DoubleLucky the Grappler (level 9, -3/96 HPs)
             Began as a Troll Fighter on Sept 3, 2022.
             Was a Believer of Wu Jian.
             Slain by an orc warrior
             ... wielding a +0 scimitar
              (16 damage)
             ... on level 8 of the Dungeon.
             The game lasted 00:27:24 (6621 turns).

DoubleLucky the Grappler (Troll Fighter)            Turns: 6621, Time: 00:27:24

Health: -3/96      AC:  5    Str: 28    XL:     9   Next: 86%
Magic:  0/17       EV:  9    Int:  6    God:    Wu Jian [**....]
Gold:   410        SH:  9    Dex:  9    Spells: 8/8 levels left

rFire   . . .      SeeInvis .     - Unarmed
rCold   . . .      Faith    .   b - +0 kite shield
rNeg    . . .      Spirit   +   J - +1 robe {Will+}
rPois   .          Reflect  .   (helmet restricted)
rElec   .          Harm     .   (no cloak)
rCorr   .          Rampage  .   (gloves unavailable)
Will    ++...                   (boots unavailable)
Stlth   +.........              I - amulet of guardian spirit
HPRegen 1.06/turn               s - ring of willpower
MPRegen 0.15/turn               m - ring of magical power

@: no status effects
A: large, unfitting armour, claws 3, regeneration 1, shaggy fur 1, tough skin 1
a: Renounce Religion, Wall Jump


You were on level 8 of the Dungeon.
You worshipped Wu Jian.
Wu Jian was pleased with you.
You visited 2 branches of the dungeon, and saw 9 of its levels.

You collected 410 gold pieces.

Inventory:

Hand Weapons
 p - the +7 flail "DoubleLucky's Doom" {speed, rC+ Stlth+}
   (You found it on level 3 of the Dungeon)

   Attacks with this weapon are significantly faster.
   rC:        It protects you from cold.
   Stlth:     It makes you more stealthy.
 v - a +2 dagger of electrocution
Missiles
 a - a curare-tipped dart
 k - 48 stones (quivered)
 t - 15 boomerangs
 C - 13 poisoned darts
 F - 2 javelins
Armour
 b - a +0 kite shield (worn)
 J - a +1 robe of willpower (worn)
Jewellery
 m - a ring of magical power (right claw)
 s - a ring of willpower (left claw)
 I - an amulet of guardian spirit (around neck)
Wands
 w - a wand of flame (73)
 E - a wand of roots (8)
Scrolls
 c - a scroll of noise {unknown}
 d - 3 scrolls of immolation
 e - a scroll of teleportation {unknown}
 j - 2 scrolls of vulnerability
 l - 3 scrolls of amnesia
 n - a scroll of magic mapping {unknown}
 q - a scroll of butterflies
 y - a scroll of poison {unknown}
 B - a scroll of acquirement {unknown}
 D - a scroll of summoning {unknown}
 H - a scroll of blinking {unknown}
 K - a scroll of enchant weapon {unknown}
 L - a scroll of identify
Potions
 f - 2 potions of might
 g - 2 potions of invisibility
 h - 2 potions of attraction
 i - 2 potions of degeneration {unknown}
 o - a potion of mutation {unknown}
 r - 3 potions of curing
 u - a potion of flight {unknown}
 x - a potion of cancellation {unknown}
 z - 2 potions of haste
 A - 2 potions of lignification {unknown}
 G - a potion of heal wounds {unknown}


   Skills:
 - Level 8.0 Fighting
 - Level 2.4 Dodging
 + Level 7.7 Shields
 - Level 8.0 Unarmed Combat


You had 8 spell levels left.
You didn't know any spells.
Your spell library contained the following spells:

 Spells                   Type           Power      Damage    Failure   Level
 Magic Dart               Conj           0%         1d3       69%         1
 Searing Ray              Conj           0%         2d4       83%         2
 Static Discharge         Conj/Air       0%         3-3/arc   83%         2
 Call Canine Familiar     Summ           0%         N/A       96%         3
 Frozen Ramparts          Ice            0%         1d1       96%         3
 Ozocubu's Armour         Ice            0%         N/A       96%         3
 Portal Projectile        Hex/Tloc       0%         N/A       96%         3
 Fulminant Prism          Conj/Hex       0%         3d6       100%        4
 Ice Form                 Ice/Tmut       0%         N/A       100%        4
 Leda's Liquefaction      Hex/Erth       0%         N/A       100%        4
 Summon Ice Beast         Ice/Summ       0%         N/A       100%        4
 Lightning Bolt           Conj/Air       0%         1d11      100%        5
 Ozocubu's Refrigeration  Ice            0%         4d7       100%        7
 Maxwell's Capacitive Co  Air            0%         ∞         100%        8


Dungeon Overview and Level Annotations

Branches:
Dungeon (8/15)             Temple (1/1) D:4
   Lair: D:8-11

Altars:
Ashenzari
Cheibriados
Hepliaklqana
Kikubaaqudgha
Makhleb
Nemelex Xobeh
Ru
Trog
Vehumet
Wu Jian
Zin
The Shining One

Shops:
D:5 :

Annotations:
D:3 2 transporters, RichitheSlayer's ghost, weakling DgFi
D:8 1 runed translucent door, Sekuso's ghost, novice FoHu


Innate Abilities, Weirdness & Mutations

You are too large for most types of armour.
You have claws for hands.
Your natural rate of healing is unusually fast.
You are covered in fur. (AC +1)
You have tough skin. (AC +1)


Message History

You feel very sick.
The orc warrior hits you with a +0 scimitar!
The wight hits you but does no damage.
You scratch the orc warrior.
The orc warrior is almost dead.
You feel very sick.
The wight hits you with a +2 short sword of freezing.
* * * LOW HITPOINT WARNING * * *
The wight freezes you.
* * * LOW HITPOINT WARNING * * *
The wight attacks as you move away! The wight hits you but does no damage.
Found a scroll labelled GUHUANK OFAUMA.
You feel sick. The wight attacks as you move away!
The wight hits you with a +2 short sword of freezing.
* * * LOW HITPOINT WARNING * * *
The wight freezes you.
* * * LOW HITPOINT WARNING * * *
You feel sick. The wight attacks as you move away!
You block the wight's attack.
You feel sick. The wight attacks as you move away!
You block the wight's attack.
You feel sick.
You see here a +0 spear.
You spin and attack the wight.
You barely miss the wight.
You feel sick.
You feel sick.
As you read the scroll of butterflies, it crumbles to dust.
You hear the tinkle of a tiny bell.
You feel sick.
You are no longer poisoned.
The orc warrior hits you with a +0 scimitar!
* * * LOW HITPOINT WARNING * * *
You block the wight's attack.
You swap places.
The wight hits your butterfly with a +0 morningstar!
Your butterfly dies!
Your butterfly disappears in a burst of colours!
You swap places.
Found a stone staircase leading down.
The wight barely misses your butterfly.
The orc warrior attacks as you move away!
The orc warrior hits you with a +0 scimitar!!
You die...

##........## #.###......)..#
.........#####..#......##..#
........##.#.#..##.........#
................#.............
......#.........b..).........8
......#......##..##o............
...........#....bb.z.b.....8...<
..............b..obz............
#########..##.b.@b?..bb...#..8
W∩.3.∩.∩#...#.....b..........
........#.........b.......##
(:......+......##.........#
........#...... ...........
.∩..P∩.∩#....#. .....#....
#########....# .....#... ..>
...##


You could see an orc warrior (ally target), 2 wights and an orc.

Vanquished Creatures
  A wyvern (D:8)
  5 yaks (D:8)
  An acid dragon (D:7)
  A water moccasin (D:8)
  2 black bears
  An orc warrior (D:6)
  2 ice beasts
  A sky beast (D:6)
  2 ogres (D:5)
  A centaur (D:8)
  2 kobold brigands (D:7)
  A bullfrog (D:7)
  2 necrophages
  4 scorpions
  4 wights
  5 orc priests
  2 hounds
  2 jellies
  7 iguanas
  Terence (D:3)
  4 orc wizards (D:7)
  Natasha (thrice) (D:4)
  Ijyb (D:3)
  Robin (D:3)
  11 adders
  A shadow imp (D:7)
  2 white imps (D:6)
  An ufetubus (D:5)
  A worm (D:4)
  3 dart slugs
  24 orcs
  A bat zombie (D:6)
  8 endoplasms
  A giant cockroach (D:3)
  15 goblins
  12 hobgoblins
  4 quokkas
  10 ball pythons
  4 bats
  3 frilled lizards (D:1)
  10 kobolds
  3 rats
  2 rat zombies (D:6)
172 creatures vanquished.

Vanquished Creatures (others)
  A plant (D:8)
1 creature vanquished.

Grand Total: 173 creatures vanquished

Notes
Turn   | Place    | Note
-------+----------+-------------------------------------------
     0 | D:1      | DoubleLucky the Troll Fighter began the quest for the Orb.
     0 | D:1      | Reached XP level 1. HP: 22/22 MP: 0/0
   182 | D:1      | Reached XP level 2. HP: 29/29 MP: 1/1
   224 | D:1      | Found a faded altar of an unknown god.
   832 | D:2      | Reached XP level 3. HP: 22/36 MP: 2/2
  1562 | D:3      | Found a transporter.
  1587 | D:3      | Found a transporter.
  1602 | D:3      | Noticed RichitheSlayer's ghost (weakling DgFi)
  1711 | D:3      | Reached XP level 4. HP: 44/44 MP: 3/3
  1726 | D:3      | Identified the +7 flail "DoubleLucky's Doom" {speed, rC+
                  | Stlth+}
  1735 | D:3      | Noticed Ijyb
  1740 | D:3      | Killed Ijyb
  1769 | D:3      | Noticed Robin
  1838 | D:3      | Killed Robin
  1839 | D:3      | Reached skill level 5 in Unarmed Combat
  1925 | D:3      | Noticed Terence
  1942 | D:3      | Killed Terence
  1943 | D:3      | Reached XP level 5. HP: 27/50 MP: 4/4
  2405 | D:4      | Reached XP level 6. HP: 61/61 MP: 5/5
  2655 | D:4      | Found a staircase to the Ecumenical Temple.
  2665 | Temple   | Entered the Ecumenical Temple
  2885 | Temple   | Became a worshipper of the Wu Jian Council
  3005 | D:4      | Noticed Natasha
  3017 | D:4      | Killed Natasha
  3130 | D:4      | Noticed Natasha
  3137 | D:4      | Killed Natasha
  3226 | D:4      | Noticed Natasha
  3247 | D:4      | Killed Natasha
  3269 | D:5      | Entered Level 5 of the Dungeon
  3576 | D:5      | Reached XP level 7. HP: 63/71 MP: 6/6
  3607 | D:5      | Reached skill level 5 in Fighting
  3630 | D:5      | Identified the +4 hand axe of the Growing Gods {flame,
                  | +Blink rPois Int-2}
  3720 | D:5      | Found Dabb's Vocational Training.
  4332 | D:5      | Reached skill level 5 in Shields
  4337 | D:6      | Reached * piety under Wu Jian
  4409 | D:6      | Reached XP level 8. HP: 53/67 MP: 7/7
  4688 | D:6      | Found a broken altar of Ashenzari.
  5242 | D:6      | Found an ancient bone altar of Kikubaaqudgha.
  5405 | D:6      | Reached XP level 9. HP: 41/89 MP: 7/8
  5454 | D:7      | Reached ** piety under Wu Jian
  6372 | D:8      | Found a runed translucent door.
  6372 | D:8      | Noticed Sekuso's ghost (novice FoHu)
  6526 | D:8      | Found a hazy altar of Hepliaklqana.
  6621 | D:8      | Slain by an orc warrior

Illustrated notes

Levels and vault maps discovered:
D:1:      kennysheep_arrival_seaside, layout_basic, basic_ecumenical_altar
D:2:      layout_loops_cross
D:3:      layout_basic, gammafunk_ghost_stat_death, uniq_robin, uniq_terence,
          uniq_ijyb
D:4:      layout_rooms, minmay_temple_entry_glassed_door, minmay_misc_feat_tiny,
          uniq_natasha
D:5:      layout_loops_ring, minivault_19, nicolae_shop_vocational
D:6:      layout_loops_cross, lemuel_zombie_altar_kikubaaqudgha,
          lemuel_crystal_altar, grunt_ministairs_7, minivault_5
D:7:      layout_basic
D:8:      layout_cave_pools, kennysheep_little_box, hellmonk_ghost_big_iron,
          serial_bayou_pond_a, grunt_ministairs_2
Temple:   nicolae_temple_bog_church

Skill      XL: |  1  2  3  4  5  6  7  8  9 |
---------------+----------------------------+-----
Unarmed Combat | 3 4 5 6 8 |  8.0
Fighting       | 3 4 5 6 8 |  8.0
Shields        | 5 6 7 |  7.7
Dodging        | |  2.4

Action                   |  1- 3 |  4- 6 |  7- 9 || total
-------------------------+-------+-------+-------++-------
Melee: Unarmed           |   113 |   150 |   275 ||   538
       Punch             |       |     2 |     4 ||     6
Throw: Stone             |       |     6 |       ||     6
Invok: Lunge             |       |       |    15 ||    15
       Whirlwind         |       |       |     1 ||     1
Evoke: Wand              |       |       |     7 ||     7
  Use: Potion            |       |     1 |       ||     1
       Scroll            |       |     6 |     4 ||    10
 Stab: Sleeping          |     1 |       |     1 ||     2
Armor: Robe              |    36 |    26 |    44 ||   106
Dodge: Dodged            |    54 |    58 |   102 ||   214
Block: Kite shield       |       |       |    64 ||    64
